Unix NetHack Version 5.0.0-0 post-release - last build May 31 2026 23:59:36 (970b52f25bf058293b47ddfd14a1e40e571c508c,branch:main).

Game began 2026-06-05 22:46:37, ended 2026-06-06 12:37:11.

Felix1, neutral male human Wizard

                                         ------
                       -----------      #......
                       |.......{.|      #|.%a.|
                       |.........|    ###...r@|
                       |..........##### #---.--
  ----------           |.........|      #
  |........|           |.........|
  |........|           ------.----
  |.<.....{|                 #
  |........|                 #
  |.........#####            #
  |........|    #  ---------.-
  ----------    #  |.........|
                ###|.........|
                  #...........
                   |.........|
                   -----------

Felix1 the Conjurer       St:6 Dx:15 Co:12 In:18 Wi:12 Ch:8  Neutral
Dlvl:4  $:28 HP:0(32) Pw:41(41) AC:9  Xp:4 T:1988  Burdened

Latest messages:
 This door is locked.
 You kill the newt!
 Welcome to experience level 4.
 You are hit by a dart.
 The kobold lord hits!
 You hit the kobold lord!
 The kobold lord hits!
 You kill the kobold lord!
 You see here 8 darts.
 v - 8 darts.
 This door is locked.
 This door is locked.
 You descend the stairs.
 You see here a scroll labeled GHOTI.
 z - a scroll labeled GHOTI.
 You hit the gnome lord.
 The gnome lord hits!
 You hit the gnome lord.
 The gnome lord hits!
 You kill the gnome lord!
 There is a gnome lord corpse here; eat it? [ynq] (n) y
 This gnome lord corpse is stringy.
 You finish eating the gnome lord corpse.
 There is a food ration here; eat it? [ynq] (n) q
 You have a little trouble lifting a food ration.  Continue? [ynq] (q) y
 You have a little trouble lifting A - a food ration.
 Your movements are slowed slightly because of your load.
 You hear a crunching sound.
 The gecko bites!
 You hit the gecko.
 You kill the gecko!
 You hit the rock mole.
 The giant ant bites!
 The rock mole bites!
 The giant ant bites!
 You miss the giant ant.
 The giant ant bites!
 You kill the giant ant!
 You miss the rock mole.
 The rock mole bites!
 The giant ant bites!
 The rock mole bites!
 The rock mole bites!
 The giant ant bites!
 You die...
 Do you want your possessions identified? [ynq] (y) n
 Do you want to see your attributes? [ynq] (y) n
 Do you want an account of creatures vanquished? [ynaq] (y) n
 Do you want to see your conduct and achievements? [ynq] (y) n
 Do you want to see the dungeon overview? [ynq] (y) n

Inventory:
 Coins    ('$')
  $ - 28 gold pieces
 Weapons  (')')
  p - a +0 orcish bow
  x - a +0 sling
  r - 11 blessed +0 darts
  v - 8 +0 darts
  w - a +0 orcish dagger
  a - a blessed +1 quarterstaff (weapon in hands)
 Armor    ('[')
  b - an uncursed +0 cloak of magic resistance (being worn)
 Comestibles  ('%')
  A - an uncursed food ration
 Scrolls  ('?')
  i - an uncursed scroll of destroy armor
  j - an uncursed scroll of enchant weapon
  z - a cursed scroll of light
  k - an uncursed scroll of teleportation
 Spellbooks  ('+')
  m - an uncursed spellbook of cause fear
  l - a blessed spellbook of force bolt
  o - an uncursed spellbook of haste self
  s - an uncursed spellbook of knock
 Potions  ('!')
  h - an uncursed potion of blindness
  f - an uncursed potion of booze
  g - 2 uncursed potions of healing
 Rings    ('=')
  t - a blessed +1 ring of adornment
  e - an uncursed +2 ring of adornment
  d - an uncursed ring of regeneration
 Wands    ('/')
  u - a wand of create monster (0:12)
  c - a wand of probing (0:8)
 Tools    ('(')
  n - a magic marker (0:22)
 Gems/Stones  ('*')
  q - an uncursed garnet stone
  y - 6 uncursed rocks

Felix1 the Wizard's attributes:

Background:
 You were a Conjurer, a level 4 male human Wizard.
 You were neutral, on a mission for Thoth
 who was opposed by Ptah (lawful) and Anhur (chaotic).
 You were right-handed.
 You were in the Dungeons of Doom, on level 4.
 You entered the dungeon 1988 turns ago.
 You had 115 experience points, 45 more were needed to attain level 5.

Basics:
 You had 0 out of 32 hit points.
 You had all 41 energy points (spell power).
 Your armor class was 9.
 Your wallet contained 28 zorkmids.
 Autopickup was off.

Final Characteristics:
 Your strength was 6 (peak:11, limit:18/100).
 Your dexterity was 15 (limit:18).
 Your constitution was 12 (limit:18).
 Your intelligence was 18 (limit:18).
 Your wisdom was 12 (limit:18).
 Your charisma was 8 (limit:18).

Final Status:
 You weren't hungry.
 You were burdened; movement was slightly slowed.
 You were wielding a quarterstaff.
 You had basic skill with quarterstaff.

Final Attributes:
 You were fervently aligned.
 You were magic-protected.
 You were warded.
 You are dead.

Miscellaneous:
 You didn't encounter any bones levels.
 Total elapsed playing time was 14 minutes and 47 seconds.

Major events:
 Turn
    1: Felix1 the neutral male human Wizard entered the dungeon
 1011: attained the rank of Conjurer (level 3)
 1988: killed by a giant ant

Spells:
 Name                 Level Category     Fail Retention
 force bolt             1   attack         0%  91%-100%
 cause fear             3   enchantment    0%  91%-100%

Skills:
 Fighting Skills
   bare handed combat [Unskilled]
   riding             [Unskilled]
 Weapon Skills
   dagger             [Unskilled]
   knife              [Unskilled]
   axe                [Unskilled]
   short sword        [Unskilled]
   club               [Unskilled]
   mace               [Unskilled]
   quarterstaff       [Basic]
   polearms           [Unskilled]
   spear              [Unskilled]
   trident            [Unskilled]
   sling              [Unskilled]
   dart               [Unskilled]
   shuriken           [Unskilled]
 Spellcasting Skills
   attack spells      [Basic]
   healing spells     [Unskilled]
   divination spells  [Unskilled]
   enchantment spells [Basic]
   clerical spells    [Unskilled]
   escape spells      [Unskilled]
   matter spells      [Unskilled]

Voluntary challenges:
 Character rerolling was not enabled.
 You were illiterate.
 You never genocided any monsters.
 You never polymorphed an object.
 You never changed form.
 You used no wishes.
Achievements:
 You attained the rank of Conjurer.
 You entered a shop.

 The Dungeons of Doom: levels 1 to 4
    Level 1:
    Level 2:
       A fountain, a sink.
    Level 3:
       A scroll shop.
    Level 4: <- You were here.
       Some fountains.
       Final resting place for
          you, killed by a giant ant.


Vanquished creatures:
  a gnome leader
  a giant ant
  a kobold leader
 an acid blob
  a hobbit
  a large kobold
  2 geckos
  3 jackals
  a fox
  3 kobolds
  a goblin
  a grid bug
  2 bats
  3 lichens
  5 newts
27 creatures vanquished.

No species were genocided or became extinct.

Game over:
                       ----------
                      /          \
                     /    REST    \
                    /      IN      \
                   /     PEACE      \
                  /                  \
                  |      Felix1      |
                  |      28 Au       |
                  |   killed by a    |
                  |    giant ant     |
                  |                  |
                  |                  |
                  |       2026       |
                 *|     *  *  *      | *
        _________)/\\_//(\/(/\)/\//\/|_)_______

Goodbye Felix1 the Wizard...

You died in The Dungeons of Doom on dungeon level 4 with 636 points,
and 28 pieces of gold, after 1988 moves.
You were level 4 with a maximum of 32 hit points when you died.

